General information
- name: BNet
- type: Ladder team game (AT/RT)
- host: Battle.net
- saver: IcarusRod
map: Deadlock
- players: 8
- length: 53:18
- speed: Fast
- version: 1.26 W3XP
- replay type: Public
» download(268 KB)
Players
team 1 (loser)

»
loopy (
pink | 60 APM | 842 actions | 13:59)
2 Demon Hunter
1 Mana Burn
1 Evasion
» actions
| Assign group hotkey | 7 | |
| Basic commands | 19 | |
| Build / train | 35 | |
| Enter build submenu | 16 | |
| Enter hero's abilities submenu | 2 | |
| Remove unit from queue | 1 | |
| Right click | 342 | |
| Select / deselect | 200 | |
| Select group hotkey | 162 | |
| Use ability | 56 | |
842 total
» units
| Wisp | 12 | |
| Archer | 7 | |
| Druid of the Talon | 4 | |
23 total
» upgrades
| Ultravision | 1 | |
| Strength of the Wild | 1 | |
| Reinforced Hides | 1 | |
3 total
» buildings
| Altar of Elders | 1 | |
| Moon Well | 5 | |
| Ancient of War | 1 | |
| Ancient of Wonders | 1 | |
| Tree of Ages | 1 | |
| Hunter's Hall | 1 | |
| Tree of Eternity | 1 | |
| Ancient of Wind | 2 | |
| Ancient Protector | 2 | |
| Chimaera Roost | 2 | |
17 total
» build order
00:15 Altar of Elders
00:21 Moon Well
01:02 Ancient of War
01:17 Moon Well
01:52 Ancient of Wonders
03:22 Tree of Ages
03:46 Hunter's Hall
04:41 Moon Well
04:43 Moon Well
05:44 Tree of Eternity
06:31 Ancient of Wind
06:41 Ancient Protector
06:49 Ancient Protector
09:00 Ancient of Wind
10:47 Chimaera Roost
10:52 Chimaera Roost
11:25 Moon Well
» items
| Orb of Venom | 1 | |
| Scroll of Town Portal | 1 | |
| Potion of Healing | 1 | |
| Moonstone | 1 | |
4 total
WC3-GIRL-GAMER (
red | 78 APM | 4152 actions | 53:17)
10 Blademaster
3 Wind Walk
3 Critical Strike
1 Bladestorm
3 Mirror Image
2 Naga Sea Witch
1 Forked Lightning
1 Frost Arrows
2 Dark Ranger
1 Black Arrow
1 Silence
» actions
| Assign group hotkey | 74 | |
| Basic commands | 9 | |
| Build / train | 96 | |
| Enter build submenu | 28 | |
| Enter hero's abilities submenu | 14 | |
| Remove unit from queue | 1 | |
| Right click | 1996 | |
| Select / deselect | 418 | |
| Select group hotkey | 1236 | |
| Use ability | 280 | |
4152 total
» units
| Peon | 22 | |
| Grunt | 3 | |
| Wind Rider | 5 | |
| Troll Batrider | 14 | |
| Raider | 5 | |
49 total
» upgrades
| Reinforced Defenses | 1 | |
| Envenomed Spears | 1 | |
| Liquid Fire | 1 | |
| Ranged Weapons | 2 | |
| Armor | 1 | |
| Pillage | 1 | |
| Melee Weapons | 1 | |
8 total
» buildings
| Altar of Storms | 1 | |
| Orc Burrow | 10 | |
| Barracks | 1 | |
| Voodoo Lounge | 2 | |
| Stronghold | 3 | |
| War Mill | 1 | |
| Great Hall | 2 | |
| Watch Tower | 22 | |
| Beastiary | 5 | |
| Fortress | 1 | |
48 total
» build order
00:06 Altar of Storms
00:18 Orc Burrow
00:35 Barracks
01:20 Orc Burrow
01:55 Voodoo Lounge
02:54 Stronghold
02:54 Stronghold
03:32 War Mill
04:19 Great Hall
04:38 Orc Burrow
04:56 Orc Burrow
05:50 Watch Tower
05:50 Watch Tower
05:50 Watch Tower
06:23 Beastiary
07:23 Fortress
07:47 Watch Tower
07:51 Watch Tower
08:30 Beastiary
09:29 Beastiary
09:31 Orc Burrow
09:31 Orc Burrow
12:31 Watch Tower
12:33 Watch Tower
12:34 Watch Tower
12:34 Watch Tower
13:01 Watch Tower
13:01 Watch Tower
17:14 Orc Burrow
17:14 Orc Burrow
17:36 Orc Burrow
17:36 Orc Burrow
19:19 Watch Tower
19:19 Watch Tower
19:20 Watch Tower
19:20 Watch Tower
19:20 Watch Tower
19:21 Watch Tower
19:22 Watch Tower
22:07 Watch Tower
22:08 Watch Tower
22:08 Watch Tower
22:08 Watch Tower
26:18 Great Hall
30:01 Voodoo Lounge
33:04 Beastiary
52:43 Beastiary
» items
| Healing Salve | 2 | |
| Lesser Clarity Potion | 1 | |
| Orb of Lightning | 1 | |
| Potion of Mana | 4 | |
| Scroll of Town Portal | 1 | |
| Potion of Healing | 3 | |
| Staff of Teleportation | 3 | |
| Potion of Lesser Invulnerability | 1 | |
16 total

»
ReggaeFever (
blue | 59 APM | 2549 actions | 42:51)
5 Mountain King
3 Storm Bolt
2 Bash
5 Paladin
2 Holy Light
3 Divine Shield
» actions
| Assign group hotkey | 125 | |
| Basic commands | 157 | |
| Build / train | 239 | |
| Enter build submenu | 48 | |
| Enter hero's abilities submenu | 10 | |
| Give item / drop item | 1 | |
| Remove unit from queue | 12 | |
| Right click | 657 | |
| Select / deselect | 536 | |
| Select group hotkey | 482 | |
| Use ability | 282 | |
2549 total
» units
| Peasant | 54 | |
| Footman | 18 | |
| Siege Engine | 11 | |
| Knight | 16 | |
| Mortar Team | 2 | |
| Flying Machine | 9 | |
110 total
» upgrades
| Defend | 1 | |
| Masonry | 3 | |
| Lumber Harvesting | 2 | |
| Barrage | 1 | |
| Armor | 0 | |
| Swords | -1 | |
| Plating | 2 | |
| Gunpowder | 2 | |
| Animal War Training | 1 | |
| Fragmentation Shards | 2 | |
13 total
» buildings
| Altar of Kings | 2 | |
| Farm | 24 | |
| Barracks | 1 | |
| Scout Tower | 111 | |
| Arcane Vault | 1 | |
| Lumber Mill | 3 | |
| Arcane Tower | 1 | |
| Town Hall | 2 | |
| Guard Tower | 21 | |
| Keep | 1 | |
| Castle | 1 | |
| Blacksmith | 1 | |
| Workshop | 2 | |
171 total
» build order
00:10 Altar of Kings
00:22 Farm
00:27 Barracks
01:13 Farm
01:34 Scout Tower
01:43 Arcane Vault
01:48 Farm
02:26 Scout Tower
02:28 Scout Tower
03:03 Lumber Mill
03:06 Scout Tower
03:22 Arcane Tower
04:12 Farm
04:51 Town Hall
04:59 Scout Tower
05:01 Farm
05:06 Farm
05:10 Scout Tower
05:11 Scout Tower
05:44 Guard Tower
06:37 Keep
06:40 Guard Tower
06:52 Guard Tower
06:53 Guard Tower
06:53 Guard Tower
06:53 Guard Tower
07:01 Farm
07:02 Farm
07:03 Scout Tower
07:07 Scout Tower
07:09 Farm
07:10 Farm
07:10 Farm
07:11 Farm
07:11 Farm
07:12 Farm
07:13 Farm
08:02 Guard Tower
09:25 Castle
09:28 Blacksmith
09:54 Guard Tower
11:00 Workshop
11:05 Workshop
11:24 Lumber Mill
14:37 Farm
14:39 Farm
16:46 Town Hall
18:09 Scout Tower
18:09 Scout Tower
18:10 Scout Tower
19:18 Guard Tower
19:59 Guard Tower
20:46 Scout Tower
20:46 Scout Tower
20:46 Scout Tower
21:33 Guard Tower
21:42 Guard Tower
23:39 Guard Tower
24:32 Scout Tower
24:33 Scout Tower
24:33 Scout Tower
24:39 Scout Tower
24:40 Scout Tower
24:40 Scout Tower
24:41 Scout Tower
24:41 Scout Tower
24:42 Scout Tower
24:42 Scout Tower
24:43 Scout Tower
24:43 Scout Tower
24:43 Scout Tower
24:48 Scout Tower
24:49 Scout Tower
24:50 Scout Tower
24:51 Scout Tower
24:52 Scout Tower
24:53 Scout Tower
24:53 Scout Tower
24:55 Scout Tower
24:56 Scout Tower
24:56 Scout Tower
24:57 Scout Tower
24:58 Scout Tower
24:58 Scout Tower
25:00 Scout Tower
25:01 Scout Tower
25:02 Scout Tower
25:02 Scout Tower
25:03 Scout Tower
25:03 Scout Tower
25:03 Scout Tower
25:04 Scout Tower
25:04 Scout Tower
25:04 Scout Tower
25:04 Scout Tower
25:05 Scout Tower
25:05 Scout Tower
25:05 Scout Tower
25:06 Scout Tower
25:06 Scout Tower
25:06 Scout Tower
25:06 Scout Tower
25:07 Scout Tower
25:07 Scout Tower
25:07 Scout Tower
25:08 Scout Tower
25:09 Scout Tower
25:10 Scout Tower
27:53 Lumber Mill
29:20 Guard Tower
29:51 Guard Tower
30:12 Guard Tower
30:32 Guard Tower
31:08 Guard Tower
31:19 Farm
31:19 Farm
31:19 Farm
31:20 Farm
31:21 Farm
31:42 Guard Tower
32:16 Guard Tower
33:25 Scout Tower
33:25 Scout Tower
33:27 Scout Tower
33:28 Scout Tower
33:29 Scout Tower
33:30 Scout Tower
33:31 Scout Tower
33:31 Scout Tower
33:50 Scout Tower
33:51 Scout Tower
33:52 Scout Tower
33:53 Scout Tower
33:54 Scout Tower
33:55 Scout Tower
33:57 Scout Tower
33:59 Scout Tower
33:59 Scout Tower
33:59 Scout Tower
34:55 Altar of Kings
35:29 Farm
35:31 Farm
35:35 Scout Tower
35:36 Scout Tower
35:36 Scout Tower
35:37 Scout Tower
35:38 Scout Tower
35:38 Scout Tower
» items
| Scroll of Regeneration | 7 | |
| Lesser Clarity Potion | 19 | |
| Healing Salve | 3 | |
| Potion of Healing | 7 | |
| Orb of Venom | 1 | |
| Moonstone | 1 | |
| Scroll of Town Portal | 5 | |
| Anti-magic Potion | 3 | |
| Potion of Mana | 3 | |
| Orb of Fire | 4 | |
| Ivory Tower | 3 | |
| Scroll of Speed | 2 | |
| Orb of Lightning | 1 | |
| Tiny Great Hall | 4 | |
63 total
archmage88 (
purple | 19 APM | 839 actions | 44:14)
5 Mountain King
3 Storm Bolt
2 Thunder Clap
» actions
| Build / train | 72 | |
| Enter build submenu | 25 | |
| Enter hero's abilities submenu | 5 | |
| Give item / drop item | 2 | |
| Remove unit from queue | 1 | |
| Right click | 286 | |
| Select / deselect | 383 | |
| Use ability | 64 | |
839 total
» units
| Peasant | 12 | |
| Footman | 5 | |
| Knight | 8 | |
| Priest | 5 | |
| Centaur Outrunner | 1 | |
| Harpy Rogue | 1 | |
32 total
» upgrades
| Masonry | 3 | |
| Lumber Harvesting | 1 | |
| Animal War Training | 1 | |
| Swords | 1 | |
| Plating | 1 | |
| Priest Training | 2 | |
9 total
» buildings
| Altar of Kings | 1 | |
| Barracks | 2 | |
| Farm | 9 | |
| Keep | 1 | |
| Blacksmith | 1 | |
| Lumber Mill | 1 | |
| Scout Tower | 5 | |
| Arcane Vault | 1 | |
| Guard Tower | 5 | |
| Castle | 1 | |
| Arcane Sanctum | 1 | |
| Town Hall | 1 | |
29 total
» build order
00:10 Altar of Kings
00:14 Barracks
00:18 Farm
01:01 Farm
01:46 Farm
02:45 Farm
03:23 Keep
03:29 Blacksmith
03:37 Lumber Mill
04:42 Scout Tower
04:55 Arcane Vault
05:08 Scout Tower
05:15 Guard Tower
05:38 Scout Tower
05:40 Guard Tower
05:46 Castle
06:01 Barracks
06:14 Guard Tower
06:22 Scout Tower
07:23 Guard Tower
07:29 Arcane Sanctum
07:39 Farm
08:26 Farm
09:12 Farm
10:01 Farm
11:34 Farm
12:23 Scout Tower
13:19 Guard Tower
13:51 Town Hall
» items
| Scroll of Town Portal | 5 | |
| Orb of Fire | 1 | |
| Potion of Healing | 2 | |
| Potion of Mana | 2 | |
| Staff of Teleportation | 1 | |
| Periapt of Vitality | 1 | |
| Circlet of Nobility | 1 | |
| Potion of Lesser Invulnerability | 1 | |
| Orb of Lightning | 1 | |
| Healing Salve | 2 | |
17 total
team 2 (winner)
xGumballx (
green | 29 APM | 1528 actions | 53:17)
3 Tauren Chieftain
1 War Stomp
2 Shockwave
» actions
| Assign group hotkey | 2 | |
| Basic commands | 3 | |
| Build / train | 55 | |
| Enter build submenu | 17 | |
| Enter hero's abilities submenu | 3 | |
| Remove unit from queue | 1 | |
| Right click | 1001 | |
| Select / deselect | 321 | |
| Select group hotkey | 61 | |
| Use ability | 64 | |
1528 total
» units
| Peon | 12 | |
| Grunt | 8 | |
| Raider | 6 | |
| Troll Witch Doctor | 1 | |
| Troll Headhunter/Berserker | 1 | |
28 total
» upgrades
| Armor | 3 | |
| Melee Weapons | 3 | |
| Berserker Strength | 1 | |
| Ensnare | 1 | |
| Pillage | 1 | |
| Ranged Weapons | 1 | |
| Troll Regeneration | 1 | |
11 total
» buildings
| Altar of Storms | 1 | |
| Orc Burrow | 7 | |
| Barracks | 1 | |
| War Mill | 1 | |
| Voodoo Lounge | 1 | |
| Stronghold | 1 | |
| Watch Tower | 2 | |
| Fortress | 1 | |
| Beastiary | 2 | |
| Great Hall | 1 | |
18 total
» build order
00:07 Altar of Storms
00:14 Orc Burrow
00:42 Barracks
01:29 War Mill
02:16 Voodoo Lounge
02:25 Orc Burrow
02:28 Orc Burrow
06:31 Orc Burrow
07:36 Stronghold
07:42 Orc Burrow
07:47 Watch Tower
09:32 Watch Tower
10:45 Fortress
11:12 Beastiary
11:14 Beastiary
21:25 Great Hall
26:00 Orc Burrow
26:02 Orc Burrow
» items
| Lesser Clarity Potion | 5 | |
| Healing Salve | 2 | |
| Scroll of Speed | 1 | |
| Scroll of Town Portal | 1 | |
9 total
IcarusRod (
orange | 44 APM | 2341 actions | 53:18)
10 Archmage
3 Summon Water Elemental
3 Brilliance Aura
1 Mass Teleport
3 Blizzard
» actions
| Assign group hotkey | 70 | |
| Basic commands | 223 | |
| Build / train | 85 | |
| Enter build submenu | 63 | |
| Enter hero's abilities submenu | 11 | |
| Give item / drop item | 6 | |
| Right click | 934 | |
| Select / deselect | 500 | |
| Select group hotkey | 285 | |
| Use ability | 164 | |
2341 total
» units
| Peasant | 24 | |
| Footman | 4 | |
| Gryphon Rider | 8 | |
36 total
» upgrades
| Lumber Harvesting | 2 | |
| Masonry | 3 | |
| Swords | 3 | |
| Armor | 3 | |
| Storm Hammers | 1 | |
| Animal War Training | 1 | |
| Cloud | 1 | |
14 total
» buildings
| Altar of Kings | 1 | |
| Barracks | 1 | |
| Farm | 9 | |
| Arcane Vault | 2 | |
| Keep | 1 | |
| Town Hall | 7 | |
| Lumber Mill | 2 | |
| Castle | 1 | |
| Blacksmith | 2 | |
| Gryphon Aviary | 3 | |
| Scout Tower | 49 | |
| Guard Tower | 9 | |
| Arcane Tower | 1 | |
88 total
» build order
00:38 Altar of Kings
00:39 Barracks
01:00 Farm
01:01 Farm
01:06 Farm
01:40 Farm
02:38 Arcane Vault
03:24 Keep
03:57 Town Hall
04:44 Lumber Mill
06:29 Castle
06:52 Blacksmith
06:54 Blacksmith
07:45 Gryphon Aviary
07:46 Gryphon Aviary
07:48 Gryphon Aviary
08:07 Farm
14:51 Farm
14:52 Farm
16:22 Town Hall
16:48 Scout Tower
16:49 Scout Tower
16:51 Scout Tower
16:52 Scout Tower
16:54 Scout Tower
16:54 Scout Tower
16:57 Scout Tower
16:59 Scout Tower
17:12 Scout Tower
17:13 Scout Tower
17:13 Scout Tower
17:14 Scout Tower
17:15 Scout Tower
17:18 Scout Tower
17:19 Scout Tower
17:19 Scout Tower
17:20 Scout Tower
17:21 Scout Tower
17:36 Guard Tower
17:53 Guard Tower
18:57 Guard Tower
19:06 Guard Tower
19:39 Farm
20:15 Lumber Mill
21:02 Scout Tower
21:02 Scout Tower
21:03 Scout Tower
21:08 Scout Tower
21:09 Scout Tower
21:09 Scout Tower
21:14 Scout Tower
21:14 Scout Tower
21:15 Scout Tower
21:15 Scout Tower
23:22 Guard Tower
25:17 Town Hall
25:20 Scout Tower
25:20 Scout Tower
25:21 Scout Tower
25:21 Scout Tower
25:24 Scout Tower
25:26 Scout Tower
25:29 Scout Tower
25:30 Scout Tower
25:31 Scout Tower
25:33 Scout Tower
25:35 Scout Tower
25:55 Guard Tower
26:21 Guard Tower
27:46 Farm
29:53 Arcane Tower
31:15 Town Hall
31:18 Scout Tower
31:19 Scout Tower
31:19 Scout Tower
31:19 Scout Tower
31:23 Scout Tower
31:26 Scout Tower
31:26 Scout Tower
31:27 Scout Tower
31:27 Scout Tower
31:31 Scout Tower
32:24 Guard Tower
33:00 Guard Tower
33:59 Arcane Vault
44:38 Town Hall
44:45 Town Hall
44:51 Town Hall
» items
| Scroll of Regeneration | 4 | |
| Periapt of Vitality | 2 | |
| Staff of Teleportation | 1 | |
| Staff of Sanctuary | 1 | |
| Scroll of Town Portal | 2 | |
| Mechanical Critter | 2 | |
12 total
1800EATSH1T (
yellow | 42 APM | 2239 actions | 53:17)
7 Demon Hunter
1 Immolation
3 Mana Burn
2 Evasion
1 Metamorphosis
5 Keeper of the Grove
3 Entangling Roots
1 Force of Nature
1 Thorns Aura
1 Far Seer
1 Far Sight
1 Shadow Hunter
1 Healing Wave
» actions
| Assign group hotkey | 56 | |
| Basic commands | 19 | |
| Build / train | 113 | |
| ESC pressed | 1 | |
| Enter build submenu | 26 | |
| Enter hero's abilities submenu | 14 | |
| Give item / drop item | 4 | |
| Right click | 785 | |
| Select / deselect | 386 | |
| Select group hotkey | 681 | |
| Use ability | 154 | |
2239 total
» units
| Wisp | 28 | |
| Archer | 10 | |
| Chimaera | 13 | |
| Hippogryph | 15 | |
| Troll Headhunter/Berserker | 5 | |
71 total
» upgrades
| Strength of the Wild | 3 | |
| Reinforced Hides | 3 | |
| Corrosive Breath | 1 | |
| Well Spring | 1 | |
| Nature's Blessing | 1 | |
9 total
» buildings
| Altar of Elders | 1 | |
| Moon Well | 8 | |
| Ancient of War | 2 | |
| Ancient of Wonders | 1 | |
| Tree of Life | 2 | |
| Tree of Ages | 1 | |
| Hunter's Hall | 1 | |
| Tree of Eternity | 1 | |
| Ancient of Wind | 1 | |
| Chimaera Roost | 2 | |
| Ancient Protector | 1 | |
| Orc Burrow | 3 | |
| Great Hall | 1 | |
25 total
» build order
00:06 Altar of Elders
00:18 Moon Well
01:15 Ancient of War
01:35 Moon Well
01:48 Ancient of War
02:28 Moon Well
03:28 Ancient of Wonders
04:30 Tree of Life
04:35 Tree of Ages
05:09 Hunter's Hall
05:27 Moon Well
06:15 Moon Well
07:11 Tree of Eternity
07:44 Ancient of Wind
08:35 Moon Well
09:35 Chimaera Roost
09:42 Chimaera Roost
14:20 Moon Well
14:31 Moon Well
22:10 Tree of Life
24:23 Ancient Protector
24:37 Orc Burrow
24:39 Orc Burrow
25:04 Great Hall
26:25 Orc Burrow
» items
| Scroll of Town Portal | 2 | |
| Potion of Healing | 6 | |
| Dust of Appearance | 1 | |
| Healing Salve | 1 | |
| Orb of Venom | 1 | |
11 total

»
Matt_Damon (
teal | 79 APM | 1576 actions | 19:51)
4 Shadow Hunter
2 Healing Wave
2 Hex
3 Far Seer
2 Chain Lighting
1 Feral Spirit
» actions
| Assign group hotkey | 134 | |
| Basic commands | 32 | |
| Build / train | 70 | |
| Enter build submenu | 20 | |
| Enter hero's abilities submenu | 7 | |
| Remove unit from queue | 3 | |
| Right click | 455 | |
| Select / deselect | 216 | |
| Select group hotkey | 574 | |
| Use ability | 64 | |
1576 total
» units
| Peon | 15 | |
| Troll Headhunter/Berserker | 20 | |
| Troll Witch Doctor | 5 | |
40 total
» upgrades
| Witch Doctor Training | 2 | |
| Berserker Upgrade | 1 | |
| Ranged Weapons | 1 | |
| Armor | 1 | |
5 total
» buildings
| Barracks | 2 | |
| Orc Burrow | 8 | |
| Altar of Storms | 1 | |
| War Mill | 1 | |
| Voodoo Lounge | 1 | |
| Stronghold | 1 | |
| Spirit Lodge | 1 | |
| Fortress | 1 | |
| Great Hall | 1 | |
| Watch Tower | 3 | |
20 total
» build order
00:06 Barracks
00:11 Orc Burrow
00:34 Altar of Storms
01:19 War Mill
01:46 Orc Burrow
02:17 Voodoo Lounge
03:04 Barracks
04:06 Orc Burrow
05:11 Stronghold
07:11 Orc Burrow
08:22 Spirit Lodge
09:21 Fortress
11:53 Great Hall
11:58 Watch Tower
13:07 Watch Tower
15:13 Watch Tower
16:19 Orc Burrow
16:22 Orc Burrow
16:25 Orc Burrow
17:10 Orc Burrow
» items
| Healing Salve | 2 | |
| Scroll of Speed | 1 | |
| Lesser Clarity Potion | 1 | |
| Potion of Healing | 1 | |
| Scroll of Town Portal | 2 | |
7 total
Chat log
(00:14 / All) IcarusRod: Rod, like Icarus, flew too close to the sun
(00:29 / All) IcarusRod: the wax of his wings melted, and he fell face first into the Earth
(00:30 / All) WC3-GIRL-GAMER: matt damon was great in the departed
(00:46 / Allies) xGumballx: grunts/casters
(00:55 / Allies) xGumballx: WHY AM I ALWAYS IN THE END?!!?
(00:58 / All) IcarusRod: You oughten test the Sun, like you oughten test the great Lord Farsanky
(01:01 / Allies) Matt_Damon: il go hh caster
(01:07 / Allies) 1800EATSH1T: cua your the pro
(01:51 / Allies) xGumballx: what r u guys gettig?
(01:55 / Allies) Matt_Damon: already said
(02:00 / Allies) Matt_Damon: hunts casters :D
(02:02 / Allies) 1800EATSH1T: me too
(02:03 / Allies) Matt_Damon: hh
(02:05 / Allies) xGumballx: k
(03:16 / Allies) xGumballx: if noone helps im leaving..
(03:20 / Allies) Matt_Damon: what?
(03:26 / Allies) xGumballx: pink tryin to rush
(03:41 / Allies) Matt_Damon: dont camp in base
(03:43 / Allies) Matt_Damon: go out there
(03:45 / Allies) Matt_Damon: see what hes doin
(03:46 / Allies) Matt_Damon: its ok
(03:48 / Allies) xGumballx: yea kow
(03:52 / Allies) Matt_Damon: obviously if u get attacked we help1
(05:33 / Allies) Matt_Damon: b
(05:40 / Allies) Matt_Damon: yellow we gotta go to green
(05:45 / Allies) Matt_Damon: be ready to tp
(06:40 / Allies) xGumballx: hh
(06:42 / Allies) Matt_Damon: see i burned tp
(06:49 / Allies) xGumballx: k
(06:57 / Allies) xGumballx: counter pink
(06:58 / Allies) Matt_Damon: ok
(07:02 / Allies) Matt_Damon: mine first
(07:52 / Allies) xGumballx: kk
(07:53 / Allies) Matt_Damon: play game please
(08:38 / Allies) IcarusRod: green ya trappin me
(09:00 / Allies) Matt_Damon: why runniing
(09:25 / Allies) xGumballx: b
(09:37 / Allies) Matt_Damon: green when u have melee and we have archer hh u cant back up
(09:39 / Allies) Matt_Damon: when there are footmen
(09:42 / Allies) xGumballx: i was
(09:44 / Allies) xGumballx: there
(09:47 / Allies) xGumballx: i was b my
(09:47 / Allies) Matt_Damon: ik
(09:48 / Allies) xGumballx: tc
(11:23 / Allies) xGumballx: lets go
(12:10 / Allies) Matt_Damon: wood please
(12:14 / Allies) Matt_Damon: il pay back
(12:17 / Allies) Matt_Damon: ty
(12:27 / Allies) xGumballx: np
(13:02 / Allies) xGumballx: gj
(13:04 / Allies) xGumballx: altar
(13:14 / Allies) xGumballx: atlar
(13:26 / Allies) Matt_Damon: leave it
(13:52 / Allies) xGumballx: wow i feel noobish
(14:01 / Allies) xGumballx: u guys have full t3 armies lol
(14:06 / Allies) xGumballx: i have 1 grunt and 1 raider
(14:37 / Allies) Matt_Damon: wards
(14:49 / Allies) Matt_Damon: fucking a
(14:51 / Allies) Matt_Damon: just got expo up
(15:02 / Allies) xGumballx: force tp
(15:04 / Allies) IcarusRod: lumbers?
(16:02 / Allies) Matt_Damon: tanks
(16:10 / Allies) 1800EATSH1T: b
(16:13 / Allies) 1800EATSH1T: im out
(16:56 / Allies) xGumballx: gold plz
(16:56 / Allies) xGumballx: oj
(17:09 / Allies) xGumballx: share the wealth plz
(17:15 / Allies) Matt_Damon: wow
(17:22 / Allies) Matt_Damon: what you saving up for?
(17:23 / Allies) 1800EATSH1T: ^
(17:25 / Allies) IcarusRod: ;umber please
(17:36 / Allies) xGumballx: u have more wood than me too >_<
(17:42 / Allies) xGumballx: i got nothin
(17:49 / Allies) xGumballx: tp?
(17:57 / Allies) Matt_Damon: do we go
(18:00 / Allies) Matt_Damon: or base race
(18:09 / Allies) xGumballx: base race
(18:19 / Allies) Matt_Damon: we cant base race tanks
(19:04 / Allies) Matt_Damon: chims
(19:07 / Allies) Matt_Damon: the fuck
(19:15 / Allies) Matt_Damon: stay in wards
(19:16 / Allies) xGumballx: oj
(19:18 / Allies) xGumballx: use ur gold
(19:19 / Allies) xGumballx: plz
(19:44 / Allies) xGumballx: oj
(19:48 / Allies) xGumballx: give gold to yellow and teal
(19:49 / Allies) xGumballx: plz
(19:51 / Allies) xGumballx: they broke
(19:52 / Allies) xGumballx: u have almost 10k
(20:01 / Allies) xGumballx: i got teal
(23:49 / Allies) xGumballx: control teal
(30:50 / Allies) 1800EATSH1T: gold plz
(30:54 / Allies) IcarusRod: not much to spare
(31:40 / Allies) 1800EATSH1T: wtf oj
(31:44 / Allies) 1800EATSH1T: u got 20k
(31:50 / Allies) 1800EATSH1T: not much to spare??????????
(34:01 / All) 1800EATSH1T: oj have over 20k
(34:16 / All) WC3-GIRL-GAMER: AND why are u telling me this
(34:17 / Allies) 1800EATSH1T: and he said dont have much to spare
(34:32 / All) 1800EATSH1T: and he said dont have much to spare
(34:42 / All) WC3-GIRL-GAMER: y he is being so gredy
(34:58 / All) 1800EATSH1T: he just being a noob
(35:53 / All) WC3-GIRL-GAMER: how does it feel to be inferior to me, yelllow
(36:04 / All) 1800EATSH1T: not good
(36:06 / All) 1800EATSH1T: (
(36:13 / All) WC3-GIRL-GAMER: atta boy
(36:38 / All) 1800EATSH1T: maybe next oj will on your team
(37:14 / All) ReggaeFever: red is not
(37:16 / All) ReggaeFever: same shit
(37:22 / All) ReggaeFever: 2300
(37:56 / Allies) IcarusRod: green 3k
(38:02 / Allies) IcarusRod: why he doesn't build
(38:11 / All) 1800EATSH1T: stfu oj
(38:23 / All) WC3-GIRL-GAMER: wut is oj saying
(38:24 / All) IcarusRod: green noobie doomed us all
(38:32 / All) IcarusRod: 3k gold afk
(38:39 / All) 1800EATSH1T: green is afk noob
(38:48 / All) 1800EATSH1T: and u got 29k
(38:52 / All) 1800EATSH1T: hmmmmmmmmmmmmm
(38:54 / All) IcarusRod: but I'm playing
(39:07 / All) 1800EATSH1T: and food at 50
(39:34 / All) 1800EATSH1T: i ask you gold for tree
(39:47 / All) 1800EATSH1T: and you said dont have much to spare!
(39:49 / All) IcarusRod: I don't have enough to go around, I'm not running a charity
(39:52 / All) IcarusRod: I'm waging war
(39:54 / All) 1800EATSH1T: what a fucking noob
(40:05 / All) 1800EATSH1T: 32k now
(40:20 / All) ReggaeFever: Red never healp
(40:30 / All) 1800EATSH1T: i hope red will fuck you up oj
(40:42 / All) ReggaeFever: Nah NO Do units
(41:36 / All) ReggaeFever: IDIOT
(41:40 / All) WC3-GIRL-GAMER: what?
(41:42 / All) ReggaeFever: NO CAN USE MY POWER
(41:45 / All) WC3-GIRL-GAMER: LOL
(41:50 / All) WC3-GIRL-GAMER: english?
(41:55 / All) WC3-GIRL-GAMER: power= divine shield?
(42:00 / All) ReggaeFever: I CANT USE MY SHIELD
(42:04 / All) WC3-GIRL-GAMER: why not?
(42:10 / All) WC3-GIRL-GAMER: u did not have silence on u?
(44:19 / All) WC3-GIRL-GAMER: lol
(45:45 / All) WC3-GIRL-GAMER: game of thrones up in this Bitch
(46:36 / All) WC3-GIRL-GAMER: watched it all
(46:41 / All) WC3-GIRL-GAMER: have season 1 bought
(46:42 / All) IcarusRod: now you know the line
(46:48 / All) IcarusRod: "this is worse than game of thrones ending" means lawl
(47:03 / All) WC3-GIRL-GAMER: well first 3 seasons
(47:06 / All) IcarusRod: referring to the red wedding
(47:14 / All) WC3-GIRL-GAMER: of king geoffry?
(47:16 / All) IcarusRod: and my tking
(47:26 / All) IcarusRod: have you seen the third season
(47:30 / All) WC3-GIRL-GAMER: yes
(47:39 / All) WC3-GIRL-GAMER: the midget and sansa marrying?
(47:43 / All) IcarusRod: the wedding where frey liquors up Robb Stark and his army
(47:45 / All) IcarusRod: and kills them
(47:52 / All) WC3-GIRL-GAMER: yes
(47:57 / All) WC3-GIRL-GAMER: that was awesome
(47:58 / All) IcarusRod: that's what that line meant
(48:03 / All) IcarusRod: this is worse than the game of thrones ending
(48:31 / All) WC3-GIRL-GAMER: wut kind of name is gumball
(49:27 / All) WC3-GIRL-GAMER: i hate this map its so bland
(49:30 / All) WC3-GIRL-GAMER: needs more excitement
(50:03 / All) IcarusRod: it can be hard to secure an expo
(51:51 / All) WC3-GIRL-GAMER: that show still comes on tv
(52:51 / All) WC3-GIRL-GAMER: jim carrey is the mos tunderrated actor ever
(52:56 / All) WC3-GIRL-GAMER: dumb and dumber is the best comedy ever
(52:57 / All) IcarusRod: overrated
(53:12 / All) IcarusRod: it is a top comedy tho